AoeStats
← Degausser

Arabia

509584416Analyzed
1v1 RM · 6d ago on Sep 27, 2026· 53m 31s· 2 players
Game mode
Random Map
Map size
Tiny (2 player)
Population
200
Speed
Normal
Resources
Standard
Victory
Conquest
Starting age
Dark Age
Ending age
Imperial Age
RankedLock teamsTeams togetherTeam positionsShared explorationLock speedFull tech treeHidden civsTurbo modeCheats
Victory
Defeat
🇯🇵 Hindustanis · Japan
966
+18
🇵🇱 Ethiopians · Poland
1000
-54
Ituki_ouji
6:58 Loom
7:30 Loom
9:43 Feudal Age
10:55 Man-at-Arms
12:56 Arson
17:23 Gold Mining
19:11 Wheelbarrow
18:43 Horse Collar
19:47 Double-Bit Axe
25:13 Castle Age
23:39 Scale Mail Armor
23:45 Stone Mining
25:22 Forging
26:27 Bow Saw
26:12 Pikeman
28:33 Iron Casting
33:21 Chain Mail Armor
34:46 Gold Shaft Mining
35:30 Hand Cart
36:37 Squires
37:22 Thumb Ring
38:30 Grand Trunk Road
41:58 Imperial Age
39:41 Town Watch
40:01 Padded Archer Armor
39:46 Crossbowman
42:23 Bloodlines
41:34 Light Cavalry
42:14 Husbandry
42:32 Leather Archer Armor
42:09 Elite Ghulam
43:11 Conscription
43:59 Chemistry
44:39 Blast Furnace
44:18 Shatagni
50:49 Fortified Wall
50:50 Masonry
50:57 Hussar
Degausser
7:58 Loom
10:51 Feudal Age
12:08 Double-Bit Axe
14:22 Horse Collar
20:00 Wheelbarrow
19:50 Fletching
24:56 Castle Age
23:30 Padded Archer Armor
25:05 Forging
25:01 Scale Barding Armor
25:16 Town Watch
25:21 Crossbowman
26:43 Husbandry
33:20 Bodkin Arrow
34:50 Scale Mail Armor
35:34 Ballistics
36:50 Light Cavalry
38:52 Heavy Plow
40:27 Thumb Ring
40:41 Hand Cart
42:33 Iron Casting
42:13 Chain Mail Armor
44:33 Imperial Age
43:57 Iron Casting
43:38 Chain Mail Armor
44:49 Murder Holes
46:17 Chemistry
46:20 Blast Furnace
45:23 Bracer
45:44 Chain Barding Armor
44:47 Arbalester
46:26 Elite Shotel Warrior
47:28 Conscription
Connection lost

Rejoining the realm…

Still unreachable

The connection could not be restored.

Session expired

The server has moved on; the page needs a fresh start.